 Dungeon Crawl Stone Soup version 0.30-a0-29-g142975f185 (webtiles) character file.

Game seed: 7418787481123906488

627 Shayle the Sneak (level 7, 0/51 HPs)
             Began as a Vampire Enchanter on Aug 26, 2022.
             Slain by Grinder (1 damage)
             ... on level 5 of the Dungeon.
             The game lasted 00:12:42 (3763 turns).

Shayle the Sneak (Vampire Enchanter)                Turns: 3763, Time: 00:12:42

Health: 0/51       AC:  4    Str:  7    XL:     7   Next: 23%
Magic:  12/12      EV: 13    Int: 20    God:
Gold:   188        SH:  0    Dex: 14    Spells: 11/13 levels left

rFire   . . .      SeeInvis +    s - +6 scythe (vorpal)
rCold   . . .      Faith    .    (shield currently unavailable)
rNeg    . . .      Spirit   .    b - +0 robe
rPois   .          Reflect  .    m - +1 hat
rElec   .          Harm     .    i - +0 cloak
rCorr   .          Rampage  .    (no gloves)
Will    .....                    (no boots)
Stlth   +++.......               (no amulet)
HPRegen 0.37/turn                (no ring)
MPRegen 0.13/turn                (no ring)

@: healing quickly
A: alive, fangs 3, see invisible, vampiric 2
a: Exsanguinate


You were on level 5 of the Dungeon.
You visited 1 branch of the dungeon, and saw 5 of its levels.

You collected 188 gold pieces.

Inventory:

Hand Weapons
 s - a +6 vorpal scythe (weapon)
 t - a +2 dagger of draining
Missiles
 j - 2 boomerangs (quivered)
 w - 2 throwing nets
Armour
 b - a +0 robe (worn)
 i - a +0 cloak (worn)
 m - a +1 hat (worn)
Jewellery
 v - an amulet of faith
Scrolls
 a - a scroll of amnesia {unknown}
 e - 4 scrolls of teleportation {unknown}
 g - a scroll of silence {unknown}
 n - 2 scrolls of enchant armour {unknown}
 q - a scroll of blinking {unknown}
 r - 3 scrolls of magic mapping
 u - 2 scrolls of vulnerability {unknown}
 x - a scroll of fog {unknown}
 y - a scroll of noise {unknown}
Potions
 c - a potion of invisibility
 d - 4 potions of curing
 f - 2 potions of cancellation
 h - a potion of degeneration {unknown}
 k - a potion of ambrosia
 l - 2 potions of lignification
 p - a potion of mutation
 z - 2 potions of brilliance {unknown}


   Skills:
 + Level 2.8 Fighting
 - Level 1.1 Short Blades
 + Level 4.4 Dodging
 + Level 7.0 Stealth
 + Level 3.7 Spellcasting
 + Level 6.6 Hexes


You had 11 spell levels left.
You knew the following spells:

 Your Spells              Type           Power      Damage    Failure   Level
a - Ensorcelled Hibernat  Hex/Ice        32%        N/A       5%          2

Your spell library contained the following spells:

 Spells                   Type           Power      Damage    Failure   Level
 Confusing Touch          Hex            30%        N/A       2%          3
 Tukima's Dance           Hex            30%        N/A       2%          3
 Dazzling Flash           Conj/Hex       32%        N/A       11%         3
 Apportation              Tloc           6%         N/A       13%         1
 Necrotise                Necr           12%        1d4       13%         1
 Summon Small Mammal      Summ           12%        N/A       13%         1


Dungeon Overview and Level Annotations

Branches:
Dungeon (5/15)
 Temple: D:4-7

Altars:
Kikubaaqudgha

Annotations:
D:3 1 runed translucent door, capslocke's ghost, weakling DsDe
D:5 Grinder


Innate Abilities, Weirdness & Mutations

Your natural rate of healing is accelerated.
You have razor-sharp teeth.
You have supernaturally acute eyesight. (SInv)
You are afflicted with vampirism and can become a bat while bloodless.


Message History

The centaur kicks you but does no damage.
Grinder blinks!
You hit the centaur. You bite the centaur.
The centaur is heavily wounded.
The centaur barely misses you.
The centaur kicks you but does no damage.
The centaur hits you.
* * * LOW HITPOINT WARNING * * *
The centaur kicks you but does no damage.
The centaur closely misses you. The centaur kicks you.
* * * LOW HITPOINT WARNING * * *
You feel better. The centaur closely misses you.
The centaur kicks you but does no damage.
You hit the centaur.
The centaur is almost dead.
The centaur closely misses you. The centaur misses you.
The centaur closely misses you. The centaur barely misses you.
Grinder blinks!
You barely miss Grinder. The centaur closely misses you.
The centaur barely misses you. The centaur hits you.
* * * LOW HITPOINT WARNING * * *
The centaur kicks you but does no damage.
Grinder barely misses you.
Unknown command.
You puncture Grinder! Your bite misses Grinder.
Grinder is moderately wounded.
The centaur completely misses you. The centaur misses you.
The centaur hits you.
* * * LOW HITPOINT WARNING * * *
The centaur closely misses you. Grinder gestures at you.
You struggle to resist.
The centaur closely misses you. The centaur barely misses you.
Grinder gestures at you. You resist with some effort.
You closely miss Grinder.
Grinder is moderately wounded.
The centaur hits you.
* * * LOW HITPOINT WARNING * * *
The centaur closely misses you. Grinder hits you.
You die...

#.# #.# #.# #
#.####.##[# #
#......5..#
..#.####.#######
#...............
#.......########
........c@...#
..........5..#
.....#########
..... ####


You could see Grinder and a centaur.

Vanquished Creatures
  Sigmund (D:2)
  A phantom (D:4)
  Blork the orc (D:4)
  Jessica (D:2)
  4 iguanas
  4 gnolls (D:4)
  6 adders
  2 worms (D:2)
  A dart slug (D:1)
  8 orcs (D:4)
  6 ball pythons
  6 bats
  7 endoplasms
  2 giant cockroaches
  9 goblins
  7 hobgoblins
  5 jackals
  5 kobolds
  2 quokkas
  8 frilled lizards
  4 rats
90 creatures vanquished.

Vanquished Creatures (others)
  10 plants
10 creatures vanquished.

Grand Total: 100 creatures vanquished

Notes
Turn   | Place    | Note
-------+----------+-------------------------------------------
     0 | D:1      | Shayle the Vampire Enchanter began the quest for the Orb.
     0 | D:1      | Reached XP level 1. HP: 13/13 MP: 3/3
   332 | D:1      | Reached XP level 2. HP: 20/20 MP: 5/5
   841 | D:1      | Learned a level 2 spell: Ensorcelled Hibernation
  1006 | D:2      | Gained mutation: You are afflicted with vampirism and can
                  | become a bat while bloodless. [Vampire growth]
  1006 | D:2      | Reached XP level 3. HP: 25/25 MP: 6/6
  1091 | D:2      | Reached skill level 1 in Fighting
  1113 | D:2      | Reached skill level 5 in Stealth
  1191 | D:2      | Noticed Sigmund
  1206 | D:1      | Reached skill level 5 in Hexes
  1326 | D:2      | Killed Sigmund
  1327 | D:2      | Reached XP level 4. HP: 25/33 MP: 2/8
  1327 | D:2      | Reached XP level 5. HP: 29/38 MP: 2/9
  1621 | D:2      | Found a faded altar of an unknown god.
  1743 | D:2      | Noticed Jessica
  1747 | D:2      | Killed Jessica
  1748 | D:2      | Reached skill level 6 in Stealth
  2138 | D:3      | Reached XP level 6. HP: 44/44 MP: 10/10
  2265 | D:3      | Found an ancient bone altar of Kikubaaqudgha.
  2303 | D:3      | You fall into a shaft and drop 1 floor!
  2535 | D:3      | Found a runed translucent door.
  2540 | D:3      | Noticed capslocke's ghost (weakling DsDe)
  3018 | D:4      | Noticed Blork the orc
  3022 | D:4      | Killed Blork the orc
  3184 | D:4      | Reached XP level 7. HP: 40/51 MP: 12/12
  3613 | D:4      | Reached skill level 7 in Stealth
  3722 | D:5      | Entered Level 5 of the Dungeon
  3741 | D:5      | Noticed Grinder
  3763 | D:5      | HP: 1/51 [centaur (5)]
  3763 | D:5      | Slain by Grinder

Illustrated notes

Levels and vault maps discovered:
D:1:      grunt_arrival_crossed_arrows, layout_loops_ring, dk_noncrumbling_2
D:2:      minmay_inner_zag, layout_loops_ring, chequers_ecumenical_altar_simple,
          serial_forest, infiniplex_forest_clump_large,
          infiniplex_forest_clump_diagonal, infiniplex_forest_straight_2,
          infiniplex_forest_clump_tiny, infiniplex_forest_lined_room_2,
          infiniplex_forest_end_double, infiniplex_forest_clump_double,
          uniq_jessica, uniq_sigmund
D:3:      layout_rooms, mainiacjoe_overflow_24_doors,
          ebering_ghost_reflecting_pool
D:4:      layout_loops_cross, minmay_misc_feat_roman, minmay_lizard_king,
          uniq_blork_the_orc
D:5:      layout_basic, uniq_grinder

Skill      XL: |  1  2  3  4  5  6  7 |
---------------+----------------------+-----
Fighting       | 2 |  2.8
Stealth        | 5 6 7 |  7.0
Hexes          | 5 6 |  6.6
Dodging        | 3 4 |  4.4
Spellcasting   | 3 |  3.7
Short Blades   | |  1.1

Action                   |  1- 3 |  4- 6 |  7- 9 || total
-------------------------+-------+-------+-------++-------
Melee: Dagger            |   122 |       |       ||   122
       Bite              |    10 |     4 |     2 ||    16
       Punch             |     1 |       |       ||     1
       Halberd           |       |    80 |    30 ||   110
 Cast: Ensorcelled Hiber |     8 |       |       ||     8
  Use: Potion            |     1 |       |     4 ||     5
       Scroll            |       |     6 |     1 ||     7
 Stab: Sleeping          |    12 |    16 |     2 ||    30
       Invisible         |     1 |       |       ||     1
Armor: Robe              |    24 |    13 |    18 ||    55
Dodge: Dodged            |    70 |    37 |    51 ||   158

Table legend: (Time is in decaauts)
 A = Elapsed time spent in this place.
 B = Non-inter-level travel time spent in this place.
 C = Inter-level travel time spent in this place.
 D = Time resting spent in this place.
 E = Time spent auto-exploring this place.
 F = Levels seen in this place.
 G = Mean time per level.
                   A        B        C        D        E       F      G
               +--------+--------+--------+--------+--------+-----+--------+
         Total |   3808 |   3704 |    104 |    410 |   2316 |   5 |  761.6 |
       Dungeon |   3808 |   3704 |    104 |    410 |   2316 |   5 |  761.6 |
               +--------+--------+--------+--------+--------+-----+--------+

Top non-repeatable levels by time:
     D:2: 1144 daAuts
     D:4: 1004 daAuts
     D:1: 988 daAuts
     D:3: 625 daAuts
     D:5: 45 daAuts
